 Dungeon Crawl Stone Soup version 0.28-a0-536-g4f1c8046e5 (webtiles) character file.

Game seed: 4486224850270437111

79 Bearserka the Grasshopper (level 4, -5/42 HPs)
             Began as a Troll Warper on Sept 27, 2021.
             Slain by tropedat's ghost (12 damage)
             ... on level 3 of the Dungeon.
             The game lasted 00:10:36 (2056 turns).

Bearserka the Grasshopper (Troll Warper)            Turns: 2056, Time: 00:10:46

Health: -5/42      AC:  4    Str: 20    XL:     4   Next: 16%
Magic:  5/5        EV: 10    Int:  9    God:
Gold:   63         SH:  0    Dex:  9    Spells: 6/6 levels left

rFire   . . .      SeeInvis .   f - +2 dagger (elec)
rCold   . . .      Faith    .   (no shield)
rNeg    . . .      Spirit   .   a - +0 robe
rPois   .          Reflect  .   (helmet restricted)
rElec   .          Harm     .   (no cloak)
rCorr   .          Rampage  .   (gloves unavailable)
Will    .....                   (boots unavailable)
Stlth   +.........              (no amulet)
HPRegen 1.14/turn               (no ring)
MPRegen 0.09/turn               (no ring)

@: lethally poisoned (-5 -> -10), hasted, very quick
A: large, unfitting armour, claws 3, regeneration 1, shaggy fur 1, tough skin 1
a: no special abilities


You were on level 3 of the Dungeon.
You visited 1 branch of the dungeon, and saw 3 of its levels.

You collected 63 gold pieces.

Inventory:

Hand Weapons
 f - a +2 dagger of electrocution (weapon)
 g - a +0 club
 j - a +0 club
 m - a +0 short sword
 n - a +0 mace
Missiles
 c - 5 boomerangs of dispersal (quivered)
 e - 44 arrows
 i - 18 bolts
 k - 37 stones
Armour
 a - a +0 robe (worn)
 t - a +0 pair of gloves
Scrolls
 b - a scroll of blinking
 o - 3 scrolls of identify {unknown}
 p - 2 scrolls of teleportation {unknown}
 s - a scroll of fog {unknown}
Potions
 d - a potion of haste
 h - a potion of lignification {unknown}
 l - a potion of flight {unknown}
 q - a potion of brilliance {unknown}
 r - a potion of heal wounds {unknown}
 u - a potion of might {unknown}


   Skills:
 + Level 1.7 Fighting
 + Level 1.1 Short Blades
 + Level 0.8 Throwing
 + Level 2.2 Dodging
 + Level 0.3 Stealth
 + Level 2.5 Unarmed Combat
 + Level 1.5 Spellcasting
 + Level 2.5 Translocations


You had 6 spell levels left.
You didn't know any spells.
Your spell library contained the following spells:

 Spells                   Type           Power      Damage    Failure   Level
 Blink                    Tloc           N/A        N/A       19%         2
 Gell's Gravitas          Tloc           2%         N/A       36%         3
 Lesser Beckoning         Tloc           5%         N/A       36%         3
 Teleport Other           Tloc           5%         N/A       36%         3
 Manifold Assault         Tloc           5%         N/A       98%         5


Dungeon Overview and Level Annotations

Branches:
Dungeon (3/15)

Altars:

Annotations:
D:3 1 transporter, tropedat's ghost, amateur MiFi


Innate Abilities, Weirdness & Mutations

You are too large for most types of armour.
You have claws for hands.
Your natural rate of healing is unusually fast.
You are covered in fur. (AC +1)
You have tough skin. (AC +1)


Message History

You kill the bat!
You enter the transporter and appear at another place.
The adder barely misses you. Tropedat's ghost hits you!
Tropedat's ghost burns you.
You hit tropedat's ghost.
Tropedat's ghost is lightly damaged.
The adder bites you.
You are poisoned.
The adder poisons you! The kobold hits you but does no damage.
Tropedat's ghost misses you.
You hit tropedat's ghost.
Tropedat's ghost is lightly damaged.
You feel sick. The adder bites you.
You are more poisoned.
The adder poisons you! The kobold hits you but does no damage.
Tropedat's ghost hits you. Tropedat's ghost burns you.
You hit tropedat's ghost.
Tropedat's ghost is lightly damaged.
You feel sick. The adder bites you but does no damage.
The kobold hits you but does no damage. Tropedat's ghost hits you.
Tropedat's ghost burns you. The adder bites you but does no damage.
You hit tropedat's ghost but do no damage.
Lightning courses through tropedat's ghost!!
Tropedat's ghost is heavily damaged.
You feel sick. The kobold barely misses you. The adder bites you.
You are more poisoned.
The adder poisons you! Tropedat's ghost hits you.
* * * LOW HITPOINT WARNING * * *
Tropedat's ghost burns you.
* * * LOW HITPOINT WARNING * * *
Drop what? 21/52 slots (_ for help) (? for menu, Esc to quit)
Okay, then.
It was a potion of haste.
You feel yourself speed up.
You feel very sick. The adder bites you.
* * * LOW HITPOINT WARNING * * *
You are more poisoned.
The adder poisons you! The kobold hits you but does no damage.
Tropedat's ghost hits you!
You die...

#..#
#.#####.##....###.#
##.#
#......†...©......#
#.#
#####..#########..#
#.# #.##8.?=$.8##.#
#.#
#.#.........#......#
#..
#.#..#...#..#.####.#
##. #.#.#.....#.#.# .
#.#....©...?#.# .#
#.#.#..@..#.#.# #
.######.#..#KWS#..#.w
.
........#....h...©#.#
#
.######.##8.....8##..
. #..#########..# #
##.....©†....##
###.#......##
#.##.....#
#.##........


You could see a worm, a howler monkey, tropedat's ghost, an adder and a kobold.

Vanquished Creatures
  An adder (D:3)
  An ufetubus (D:3)
  2 worms (D:2)
  5 dart slugs (D:1)
  6 bats
  3 endoplasms
  A giant cockroach (D:1)
  3 goblins
  4 hobgoblins
  3 jackals (D:3)
  5 kobolds
  4 quokkas
  3 ball pythons (D:2)
  5 rats
46 creatures vanquished.

Vanquished Creatures (others)
  6 plants (D:2)
6 creatures vanquished.

Grand Total: 52 creatures vanquished

Notes
Turn   | Place    | Note
-------+----------+-------------------------------------------
     0 | D:1      | Bearserka the Troll Warper began the quest for the Orb.
     0 | D:1      | Reached XP level 1. HP: 19/19 MP: 1/1
   155 | D:1      | Reached XP level 2. HP: 25/27 MP: 3/3
   628 | D:1      | Reached XP level 3. HP: 35/35 MP: 4/4
   980 | D:2      | Found a faded altar of an unknown god.
  1913 | D:3      | Reached XP level 4. HP: 42/42 MP: 5/5
  1928 | D:3      | Reached skill level 1 in Short Blades
  1994 | D:3      | Found a transporter.
  1994 | D:3      | Noticed tropedat's ghost (amateur MiFi)
  2037 | D:3      | Found a transporter.
  2056 | D:3      | Slain by tropedat's ghost

Illustrated notes

Levels and vault maps discovered:
D:1:      evilmike_arrival_hilbert_curve, layout_loops_ring
D:2:      cheibrodos_old_hovel, layout_basic,
          hellmonk_ecumenical_altar_prayer_group
D:3:      layout_loops_ring, gammafunk_ghost_arena

Skill      XL: |  1  2  3  4 |
---------------+-------------+-----
Dodging        | 2 |  2.2
Short Blades   | 1 |  1.1
Fighting       | |  1.7
Throwing       | |  0.8
Stealth        | |  0.3
Unarmed Combat | |  2.5
Spellcasting   | |  1.5
Translocations | |  2.5

Action                   |  1- 3 |  4- 6 || total
-------------------------+-------+-------++-------
Melee: Unarmed           |    12 |       ||    12
       Dagger            |   125 |    20 ||   145
  Use: Potion            |       |     1 ||     1
Armor: Robe              |    58 |    15 ||    73
Dodge: Dodged            |    52 |    12 ||    64

Table legend: (Time is in decaauts)
 A = Elapsed time spent in this place.
 B = Non-inter-level travel time spent in this place.
 C = Inter-level travel time spent in this place.
 D = Time resting spent in this place.
 E = Time spent auto-exploring this place.
 F = Levels seen in this place.
 G = Mean time per level.
                   A        B        C        D        E       F      G
               +--------+--------+--------+--------+--------+-----+--------+
         Total |   2051 |   2051 |      0 |     19 |   1304 |   3 |  683.7 |
       Dungeon |   2051 |   2051 |      0 |     19 |   1304 |   3 |  683.7 |
               +--------+--------+--------+--------+--------+-----+--------+

Top non-repeatable levels by time:
     D:2: 1066 daAuts
     D:1: 748 daAuts
     D:3: 236 daAuts
